 Seeded DCSS version 0.26.1-2-gb8aa6d0cf2 (webtiles) character file.

Game seed: 11329728878256045124 (custom seed)

23121 oldmanjim the Fighter (level 12, -17/117 HPs)
             Began as a Minotaur Fighter on Feb 7, 2021.
             Was an Initiate of Gozag.
             Killed from afar by hawla's ghost (40 damage)
             ... with a fireball
             ... on level 10 of the Dungeon on Feb 15, 2021.
             The game lasted 01:17:56 (15503 turns).

oldmanjim the Fighter (Minotaur Fighter)           Turns: 15503, Time: 01:17:58

Health: -17/117    AC: 14    Str: 27    XL:     12   Next: 69%
Magic:  11/11      EV: 10    Int:  5    God:    Gozag
Gold:   1709       SH: 14    Dex: 15    Spells: 11/11 levels left

rFire    . . .     SeeInvis .   a - +5 spear (freeze)
rCold    . . .     Faith    .   c - +0 kite shield
rNeg     . . .     Spirit   .   F - +1 chain mail of Perpetual Drought {Harm +Fly Will+}
rPois    .         Reflect  .   o - +2 hat
rElec    .         Harm     +   X - scarf {+Inv}
rCorr    .         Rampage  .   (no gloves)
Will     +....                  (no boots)
Stlth    ..........             g - amulet of the acrobat
HPRegen  0.29/turn              (no ring)
MPRegen  0.12/turn              I - +6 ring of dexterity

@: no status effects
A: retaliatory headbutt, horns 2
a: Renounce Religion, Evoke Invisibility, Evoke Flight, Potion Petition, Call
Merchant, Bribe Branch


You were on level 10 of the Dungeon.
You worshipped Gozag.
Gozag was most pleased with you.
You visited 2 branches of the dungeon, and saw 13 of its levels.
You also visited: Gauntlet.

You collected 1929 gold pieces.
You paid 220 gold pieces to Gozag.

Inventory:

Hand Weapons
 a - a +5 spear of freezing (weapon)
 b - a +2 vorpal hunting sling
 j - a +0 hand crossbow
 A - a +1 trident
Missiles
 h - 102 sling bullets
 l - 254 bolts
 s - 15 silver javelins
 w - 32 poisoned darts (quivered)
 G - 12 boomerangs
 P - a throwing net
 W - 6 atropa-tipped darts
Armour
 c - a +0 kite shield (worn)
 o - a +2 hat (worn)
 t - a +1 cloak
 F - the +1 chain mail of Perpetual Drought (worn) {Harm +Fly Will+}
   (You found it on level 8 of the Dungeon)

   It affects your willpower, your defense against some magical effects.
   It lets you fly.
   It increases damage dealt and taken.
 M - the +5 ring mail of Oily Contentment {Rampage rF- rC+ Str+7, unknown}
   (You found it on level 10 of the Dungeon)

   It affects your strength (+7).
   It makes you vulnerable to fire.
   It protects you from cold.
   It bestows one free step when moving towards enemies.
 X - a scarf of invisibility (worn)
Jewellery
 g - an amulet of the acrobat (around neck)
 D - an uncursed ring of wizardry
 I - a +6 ring of dexterity (right hand)
 S - an uncursed amulet of reflection {unknown}
 Y - an uncursed ring of willpower {unknown}
Wands
 u - a wand of polymorph (19)
 N - a wand of acid (9)
 V - a wand of enslavement (9)
Scrolls
 e - a scroll of holy word {unknown}
 i - 3 scrolls of remove curse
 n - 6 scrolls of enchant armour
 p - 11 scrolls of teleportation
 q - 3 scrolls of enchant weapon
 y - 2 scrolls of magic mapping
 z - 3 scrolls of fog
 B - 3 scrolls of immolation
 E - 5 scrolls of blinking
 O - 5 scrolls of identify
 Q - a scroll of brand weapon {unknown}
 R - a scroll of vulnerability {unknown}
 T - a scroll of fear {unknown}
Potions
 d - 2 potions of might
 f - 5 potions of lignification
 k - 2 potions of magic
 m - 3 potions of attraction
 r - 10 potions of curing
 x - 3 potions of berserk rage
 C - a potion of ambrosia
 H - a potion of haste
 J - 2 potions of mutation
 K - 2 potions of flight
 L - a potion of resistance
 Z - a potion of heal wounds
Miscellaneous
 U - a tin of tremorstones (2/2)


   Skills:
 + Level 14.3 Fighting
 - Level 12.0 Polearms
 - Level 10.0 Armour
 - Level 2.0 Dodging
 + Level 14.2 Shields
 + Level 3.0 Evocations


You had 11 spell levels left.
You didn't know any spells.
Your spell library contained the following spells:

 Spells                   Type           Power        Failure   Level
 Animate Skeleton         Necr           0%           95%         1
 Beastly Appendage        Tmut           0%           95%         1
 Corona                   Hex            0%           95%         1
 Pain                     Necr           0%           95%         1
 Slow                     Hex            0%           99%         2
 Wereblood                Tmut           0%           99%         2
 Inner Flame              Hex/Fire       0%           100%        3
 Portal Projectile        Hex/Tloc       0%           100%        3
 Spider Form              Tmut/Pois      0%           100%        3
 Vampiric Draining        Necr           0%           100%        3
 Animate Dead             Necr           0%           100%        4
 Cause Fear               Hex            0%           100%        4
 Ice Form                 Ice/Tmut       0%           100%        4
 Leda's Liquefaction      Hex/Erth       0%           100%        4
 Agony                    Necr           0%           100%        5
 Blade Hands              Tmut           0%           100%        5


Dungeon Overview and Level Annotations

Branches:
Dungeon (12/15)            Temple (1/1) D:5            Lair (0/6) D:9
    Orc (0/2) D:9         Gauntlet (visited)

Altars:
Ashenzari
Cheibriados
Dithmenos
Elyvilon
Fedhas
Gozag
Hepliaklqana
Kikubaaqudgha
Makhleb
Nemelex Xobeh
Okawaru
Qazlal
Ru
Sif Muna
Trog
Uskayaw
Vehumet
Wu Jian
Xom
Yredelemnul
Zin
The Shining One

Annotations:
D:9 2 transporters, Hehehe's ghost, novice DDFi
D:10 hawla's ghost, journeyman DrCj


Innate Abilities, Weirdness & Mutations

You reflexively headbutt those who attack you in melee.
You have a pair of horns on your head.


Message History

You are too injured to fight recklessly!
You are too injured to fight recklessly!
You are too injured to fight recklessly!
You are too injured to fight recklessly!
You are too injured to fight recklessly!
You are too injured to fight recklessly!
You are too injured to fight recklessly!
You hit the fire dragon but do no damage.
Your headbutt misses the fire dragon.
The fire dragon is moderately wounded.
The fire dragon breathes flames at you. The blast of flame hits you!!
* * * LOW HITPOINT WARNING * * *
Your chain mail of Perpetual Drought prevents you from hitting the fire dragon.
You headbutt the fire dragon.
The fire dragon is moderately wounded.
Hawla's ghost casts a spell at you.
The fireball explodes!
The fireball engulfs you!!
You die...
Your body crumbles into a pile of gold.

......#...>......#.......'..# #
......#.<........#..###..'..# #
......#..........#..###..#D.#####
......'..........#.......#.h.....
.....##..........#########.......
.....#.............$.............
.....#..##########{##...#........
#....#..#........DW.....#........
'....#..#.......@.......#........
#....#..####............#......#.
#....#.....#............#.......#
#....#.....###........###..####..
#....#.......##########....'.....
#....#.....................#.....
#....#.######.#####........#....#
#....#.# #.# #........####.#
.....#.# #.# #..............


You could see a fire dragon (catching breath) and hawla's ghost.

Vanquished Creatures
  An entropy weaver (Gauntlet)
  A minotaur (Gauntlet)
  A rakshasa (D:12)
  2 boulder beetles
  2 two-headed ogres
  A soul eater (Gauntlet)
  5 unseen horrors
  An obsidian statue (Gauntlet)
  An orange crystal statue (Gauntlet)
  A deep elf mage (D:8)
  2 manticores
  2 ugly things (D:12)
  A worldbinder (Gauntlet)
  Joseph (D:7)
  A gargoyle (D:11)
  3 trolls
  2 hornets
  Sigmund (D:2)
  A redback (Gauntlet)
  A wyvern (D:12)
  A wraith (D:12)
  16 yaks
  A vampire mosquito (D:8)
  An acid dragon (D:12)
  Edmund (D:4)
  A water moccasin (D:8)
  A floating eye (D:12)
  A sky beast (D:12)
  2 eyes of draining
  3 orc warriors
  2 phantoms
  An eye of draining (shapeshifter) (D:12)
  6 ice beasts
  5 centaurs
  3 boggarts (Gauntlet)
  2 wolves (D:9)
  3 ogres
  Blork the orc (D:5)
  4 big kobolds
  10 bullfrogs
  A gnoll sergeant (D:8)
  6 scorpions
  4 killer bees
  4 wights (D:6)
  2 howler monkeys (D:4)
  2 electric eels (D:9)
  3 centaur zombies
  A bullfrog zombie (D:11)
  11 hounds
  A gnoll shaman (D:6)
  A jelly (D:8)
  2 bullfrog skeletons
  9 orc priests
  A centaur skeleton (D:6)
  4 iguanas
  9 orc wizards
  11 worker ants
  A killer bee zombie (D:8)
  A hound zombie (D:9)
  2 howler monkey zombies
  12 gnolls
  8 adders
  3 shadow imps
  2 white imps
  4 ufetubi
  2 adder zombies
  2 adder skeletons
  5 worms
  4 dart slugs (D:2)
  6 leopard geckos
  34 orcs
  4 ball pythons
  6 bats
  7 giant cockroaches
  8 goblins
  5 hobgoblins
  A jackal (D:10)
  6 quokkas
  4 frilled lizards
  A jackal skeleton (D:4)
  22 kobolds
  12 rats
330 creatures vanquished.

Vanquished Creatures (others)
  8 plants (D:5)
8 creatures vanquished.

Grand Total: 338 creatures vanquished

Notes
Turn   | Place    | Note
-------+----------+-------------------------------------------
     0 | D:1      | oldmanjim the Minotaur Fighter began the quest for the Orb.
     0 | D:1      | Reached XP level 1. HP: 19/19 MP: 0/0
    95 | D:1      | Reached XP level 2. HP: 27/27 MP: 1/1
   725 | D:2      | Found a burning altar of Makhleb.
   725 | D:2      | Found a snail-covered altar of Cheibriados.
   726 | D:2      | Found a glowing silver altar of Zin.
   750 | D:2      | Reached XP level 3. HP: 33/33 MP: 2/2
   763 | D:2      | Reached skill level 1 in Dodging
   982 | D:2      | Reached XP level 4. HP: 41/41 MP: 3/3
  1378 | D:2      | Reached XP level 5. HP: 41/47 MP: 4/4
  1481 | D:2      | Noticed Sigmund
  1515 | D:2      | Killed Sigmund
  1516 | D:2      | Reached skill level 5 in Fighting
  1516 | D:2      | Reached skill level 5 in Polearms
  1516 | D:2      | Reached XP level 6. HP: 9/56 MP: 5/5
  2172 | D:3      | Found a hide-covered altar of Uskayaw.
  2572 | D:3      | Found a faded altar of an unknown god.
  2583 | D:3      | Reached skill level 5 in Shields
  3164 | D:4      | Noticed Edmund
  3182 | D:4      | Killed Edmund
  3183 | D:4      | Reached XP level 7. HP: 56/62 MP: 6/6
  3457 | D:4      | Found a basalt altar of Yredelemnul.
  3604 | D:5      | Entered Level 5 of the Dungeon
  3815 | D:5      | You fall into a shaft and drop 1 floor!
  4185 | D:6      | Reached XP level 8. HP: 71/71 MP: 7/7
  5105 | D:7      | Noticed Joseph
  5126 | D:7      | Killed Joseph
  5127 | D:7      | Reached XP level 9. HP: 81/81 MP: 8/8
  5165 | D:7      | Reached skill level 10 in Polearms
  5432 | D:8      | Noticed a two-headed ogre
  5444 | D:7      | Killed a two-headed ogre
  5975 | D:8      | Noticed a deep elf mage
  5985 | D:8      | Killed a deep elf mage
  6021 | D:8      | Got a faintly humming chain mail
  6177 | D:8      | Identified the +1 chain mail of Perpetual Drought {Harm
                  | +Fly Will+} (You found it on level 8 of the Dungeon)
  6238 | D:8      | Noticed a boulder beetle
  6255 | D:7      | Killed a boulder beetle
  6256 | D:7      | Reached skill level 1 in Evocations
  6256 | D:7      | Reached XP level 10. HP: 92/92 MP: 5/9
  6411 | D:8      | Killed an unseen horror
  6412 | D:8      | Reached skill level 10 in Fighting
  6656 | D:8      | Found a glowing golden altar of the Shining One.
  7010 | D:8      | Reached skill level 10 in Shields
  7211 | D:9      | Reached skill level 5 in Armour
  7312 | D:9      | Found a staircase to the Lair.
  7852 | D:9      | Found a transporter.
  7882 | D:9      | Noticed Hehehe's ghost (novice DDFi)
  7886 | D:9      | Found a transporter.
  7946 | D:9      | Found a staircase to the Orcish Mines.
  7973 | D:9      | Upgraded the game from 0.26.1 to 0.26.1-2-gb8aa6d0cf2
  8210 | D:9      | Found a basalt altar of Yredelemnul.
  8376 | D:10     | Entered Level 10 of the Dungeon
  8548 | D:10     | Found a runed translucent gate.
  8550 | D:10     | Found a runed translucent gate.
  8551 | D:10     | Found a runed translucent gate.
  8551 | D:10     | Noticed hawla's ghost (journeyman DrCj)
  8551 | D:10     | Noticed a fire dragon
  8621 | D:10     | Got a heavily runed ring mail
  9284 | D:5      | Noticed Blork the orc
  9290 | D:5      | Killed Blork the orc
  9603 | D:5      | Reached XP level 11. HP: 101/101 MP: 10/10
  9649 | D:5      | Found a staircase to the Ecumenical Temple.
  9655 | Temple   | Entered the Ecumenical Temple
  9955 | Temple   | Became a worshipper of Gozag Ym Sagoz the Greedy
 11711 | D:12     | Killed an unseen horror
 11737 | D:12     | Found a shimmering altar of Xom.
 11779 | D:12     | Found a gate leading to a gauntlet.
 11790 | Gauntlet | Entered a Gauntlet
 11790 | Gauntlet | Found a transporter.
 11790 | Gauntlet | Noticed a soul eater
 11837 | Gauntlet | Found a transporter.
 11840 | Gauntlet | Found a transporter.
 11841 | Gauntlet | Found a transporter.
 11852 | Gauntlet | Found a transporter.
 11852 | Gauntlet | Found a transporter.
 11853 | Gauntlet | Found a transporter.
 11861 | Gauntlet | Noticed an orange crystal statue
 11862 | Gauntlet | Found a transporter.
 11865 | Gauntlet | Found a transporter.
 11866 | Gauntlet | Found a transporter.
 11868 | Gauntlet | Noticed an entropy weaver
 11874 | Gauntlet | Found a transporter.
 11877 | Gauntlet | Found a transporter.
 11878 | Gauntlet | Found a transporter.
 11894 | Gauntlet | Found a transporter.
 11904 | Gauntlet | Noticed an obsidian statue
 12093 | Gauntlet | Killed a soul eater
 12183 | Gauntlet | Killed an orange crystal statue
 12289 | Gauntlet | Killed an entropy weaver
 12290 | Gauntlet | Reached XP level 12. HP: 17/113 MP: 11/11
 12710 | Gauntlet | Noticed a minotaur
 12725 | Gauntlet | Killed a minotaur
 12969 | D:12     | Reached skill level 10 in Armour
 13059 | D:12     | Paralysed by a floating eye for 4 turns
 13118 | D:12     | Noticed a boulder beetle
 13136 | D:12     | HP: 4/115 [boulder beetle (3)]
 13160 | D:12     | Killed a boulder beetle
 13735 | D:12     | Noticed a rakshasa
 13751 | D:12     | Killed a rakshasa
 14497 | D:12     | Noticed a two-headed ogre
 14522 | D:12     | Killed a two-headed ogre
 15078 | D:10     | Found a runed translucent gate.
 15078 | D:10     | Found a runed translucent gate.
 15079 | D:10     | Found a runed translucent gate.
 15503 | D:10     | Killed from afar by hawla's ghost

Illustrated notes

Levels and vault maps discovered:
D:1:      grunt_arrival_lava_bath, layout_basic, supply_closet_lemuel,
          hex_medium, minivault_25
D:2:      layout_loops_cross, nicolae_overflow_hidden_temple, uniq_sigmund
D:3:      layout_loops_ring, overflow_temple_1_default,
          chequers_ecumenical_altar_simple
D:4:      layout_loops_ring, kennysheep_mini, uniq_edmund
D:5:      layout_basic, minmay_temple_entry_nine_rooms, lexackson_kobold_supper,
          uniq_blork_the_orc
D:6:      layout_rooms, kennysheep_small_square
D:7:      layout_rooms, uniq_joseph
D:8:      cheibrodos_elevator_heist, layout_cave_pools, amcnicky_altar_gilded
D:9:      layout_irregular_city, erik_lair_island, orc_0_dummy, basic_altar,
          gammafunk_ghost_hive, serial_co_window_serial, co_window_paths_a,
          co_window_paths_a, co_window_paths_a, co_window_corner_a,
          co_window_of_opportunity_a, co_window_corner_a, co_window_cross_1,
          co_window_broadway_a, co_window_2corner, co_window_broadway_c,
          glass_columns_a, glass_columns_c, glass_columns_c
D:10:     layout_irregular_city, gammafunk_ghost_split, minivault_26
D:11:     layout_long_grid
D:12:     layout_stronghold, basic_altar, gauntlet_entry_generic,
          onia_ninara_cookie
Temple:   minmay_temple_bridge_d

Skill      XL: |  1  2  3  4  5  6  7  8  9 10 11 12 |
---------------+-------------------------------------+-----
Armour         | 4 6 9 10 | 10.0
Shields        | 4 5 6 7 9 10 12 14 | 14.2
Fighting       | 4 5 6 8 9 10 12 14 | 14.3
Dodging        | 1 2 |  2.0
Polearms       | 4 5 6 7 9 12 | 12.0
Evocations     | 1 3 |  3.0

Action                   |  1- 3 |  4- 6 |  7- 9 | 10-12 || total
-------------------------+-------+-------+-------+-------++-------
Melee: Trident           |    83 |   175 |    45 |       ||   303
       Headbutt          |     7 |    26 |    35 |   136 ||   204
       Spear             |       |       |   205 |   622 ||   827
 Fire: Hunting sling     |       |       |    18 |    32 ||    50
Throw: Dart              |       |       |    27 |    16 ||    43
  Use: Scroll            |       |    10 |     7 |     7 ||    24
       Potion            |       |       |       |     3 ||     3
 Stab: Distracted        |       |       |       |     2 ||     2
Armor: Scale mail        |    23 |    38 |       |       ||    61
       Chain mail        |       |     3 |    45 |   151 ||   199
Dodge: Dodged            |    13 |    36 |    33 |   116 ||   198
Block: Kite shield       |    24 |    60 |    74 |   165 ||   323
